 Dungeon Crawl Stone Soup version 0.29.0-5-ge4962eb29e (webtiles) character file.

Game seed: 12119054314896122002

27 Flugkiller the Covered (level 2, -14/27 HPs)
             Began as a Minotaur Fighter on Aug 29, 2022.
             Demolished by an ogre
             ... wielding a +0 giant club
              (20 damage)
             ... on level 2 of the Dungeon.
             The game lasted 00:00:25 (989 turns).

Flugkiller the Covered (Minotaur Fighter)            Turns: 989, Time: 00:00:26

Health: -14/27     AC: 11    Str: 20    XL:     2   Next: 93%
Magic:  1/1        EV:  5    Int:  5    God:
Gold:   37         SH:  4    Dex:  9    Spells: 1/1 levels left

rFire   . . .      SeeInvis .   a - +0 war axe
rCold   . . .      Faith    .   c - +0 buckler
rNeg    . . .      Spirit   .   f - +0 plate armour
rPois   .          Reflect  .   (helmet restricted)
rElec   .          Harm     .   (no cloak)
rCorr   .          Rampage  .   (no gloves)
Will    .....                   (no boots)
Stlth   ..........              (no amulet)
HPRegen 0.09/turn               (no ring)
MPRegen 0.07/turn               (no ring)

@: no status effects
A: horns 2, retaliatory headbutt
a: no special abilities


You were on level 2 of the Dungeon.
You visited 1 branch of the dungeon, and saw 2 of its levels.

You collected 37 gold pieces.

Inventory:

Hand Weapons
 a - a +0 war axe (weapon)
Armour
 b - a +0 scale mail
 c - a +0 buckler (worn)
 f - a +0 plate armour (worn)
   (You found it on level 1 of the Dungeon)
Jewellery
 i - a ring of positive energy
   (You found it on level 1 of the Dungeon)
Scrolls
 g - 6 scrolls of identify {unknown}
 h - 2 scrolls of summoning {unknown}
 j - 2 scrolls of enchant weapon {unknown}
 k - a scroll of teleportation {unknown}
 m - a scroll of blinking {unknown}
Potions
 d - a potion of might
 e - a potion of brilliance {unknown}
 l - a potion of haste {unknown}
 n - a potion of berserk rage {unknown}


   Skills:
 + Level 4.0 Fighting
 * Level 3.4 Axes
 + Level 4.0 Armour
 - Level 3.6 Shields


You had one spell level left.
You didn't know any spells.
Your spell library was empty.

Dungeon Overview and Level Annotations

Branches:
Dungeon (2/15)

Altars:


Innate Abilities, Weirdness & Mutations

You have a pair of horns on your head.
You reflexively headbutt those who attack you in melee.


Message History

No target in view!
No target in view!
No target in view!
No target in view!
No target in view!
No target in view!
You see here a hobgoblin skeleton.
You see here 5 stones.
Found a stone staircase leading down.
There is a stone staircase leading down here.
You open the door.
Found a robe.
There is an open door here.
A giant cockroach comes into view.
The giant cockroach bites you but does no damage.
You closely miss the giant cockroach. The giant cockroach bites you.
The giant cockroach bites you but does no damage.
You barely miss the giant cockroach.
The giant cockroach bites you but does no damage.
You hit the giant cockroach but do no damage.
The giant cockroach barely misses you.
The giant cockroach bites you but does no damage.
You slash the giant cockroach!
You kill the giant cockroach!
No target in view!
No target in view!
Done exploring.
Done exploring.
Done exploring.
No target in view!
(D) Dungeon
Where to? (? - help)
There is a stone staircase leading down here.
You climb downwards.
Found a ring mail.
There is a stone staircase leading up here.
Unknown command.
Things that are here:
a +0 ring mail; a +2 pair of gloves of strength
Found a stone staircase leading down.
There is a stone staircase leading down here.
Found 7 stones.
No target in view!
No target in view!
No target in view!
No target in view!
h - 2 scrolls labelled IVVIWA WODE (gained 1)
You see here 7 stones.
Found a stone staircase leading down.
You open the door.
A giant cockroach comes into view.
Found a scroll labelled GAKLIPORRU.
A giant cockroach is nearby!
A giant cockroach is nearby!
An endoplasm comes into view.
The endoplasm quivers.
There is an open door here.
You block the giant cockroach's attack.
You slash the giant cockroach!
You kill the giant cockroach!
Found 7 gold pieces.
You hit the endoplasm.
You kill the endoplasm!
No target in view!
No target in view!
No target in view!
No target in view!
No target in view!
A rat comes into view.
A rat is nearby!
A rat is nearby!
Found a ring mail.
You closely miss the rat. Your headbutt misses the rat.
The rat bites you but does no damage. x2
You barely miss the rat. You headbutt the rat.
You kill the rat!
No target in view!
No target in view!
No target in view!
No target in view!
No target in view!
No target in view!
g - 6 scrolls labelled GAKLIPORRU (gained 1)
You now have 37 gold pieces (gained 7).
An ogre comes into view. It is wielding a +0 giant club.
The ogre shouts!
You hear a shout!
An orc comes into view. It is wielding a +0 flail.
There are monsters nearby!
There are monsters nearby!
There are monsters nearby!
Sorry, you're not good enough to have a special ability.
The ogre hits you with a +0 giant club!!
Ouch! That really hurt!
* * * LOW HITPOINT WARNING * * *
You hear an angry hiss.
You slash the ogre! You headbutt the ogre.
The ogre is severely wounded.
The ogre hits you with a +0 giant club!!
Ouch! That really hurt!
You die...

#.. #.. #......##..
#......##.. #......##..
# #......##.. ###..#####
#..[...##.. .....oO@.##
#......##..
....####..####......##..
. ##...............
######.......#..
#######.#.. #.### #.#
#.# #.#


You could see an ogre and an orc.

Vanquished Creatures
  2 dart slugs (D:1)
  A bat (D:1)
  4 endoplasms
  4 giant cockroaches
  A goblin (D:1)
  4 hobgoblins (D:1)
  A ball python (D:1)
  2 rats
19 creatures vanquished.

Notes
Turn   | Place    | Note
-------+----------+-------------------------------------------
     0 | D:1      | Flugkiller the Minotaur Fighter began the quest for the
                  | Orb.
     0 | D:1      | Reached XP level 1. HP: 19/19 MP: 0/0
   287 | D:1      | Reached XP level 2. HP: 27/27 MP: 1/1
   349 | D:1      | Found a faded altar of an unknown god.
   986 | D:2      | Noticed an ogre
   989 | D:2      | Demolished by an ogre

Illustrated notes

Levels and vault maps discovered:
D:1:      eino_arrival_water_cross, layout_basic,
          shapermc_ecumenical_altar_flowoftime
D:2:      layout_basic, serial_shops, shop, uniq_jessica

Skill      XL: |  1  2 |
---------------+-------+-----
Axes           | 3 |  3.4
Armour         | 4 |  4.0
Fighting       | 4 |  4.0
Shields        | |  3.6

Action                   || total
-------------------------++-------
Melee: War axe           ||    37
       Headbutt          ||     8
Armor: Plate armour      ||    19
       Scale mail        ||     2
Dodge: Dodged            ||     8
Block: Buckler           ||    10
